 Dungeon Crawl Stone Soup version 0.28.0 (webtiles) character file.

Game seed: 723419904871540101

7 EWolf27 the Vexing (level 1, 0/14 HPs)
             Began as a Vampire Enchanter on Feb 16, 2022.
             Slain by a quokka (3 damage)
             ... on level 1 of the Dungeon.
             The game lasted 00:02:09 (566 turns).

EWolf27 the Vexing (Vampire Enchanter)               Turns: 566, Time: 00:02:10

Health: 0/14       AC:  2    Str:  7    XL:     1   Next: 83%
Magic:  3/3        EV: 12    Int: 17    God:
Gold:   0          SH:  0    Dex: 14    Spells: 4/4 levels left

rFire   . . .      SeeInvis +   a - +1 dagger
rCold   . . .      Faith    .   (no shield)
rNeg    . . .      Spirit   .   b - +0 robe
rPois   .          Reflect  .   (no helmet)
rElec   .          Harm     .   (no cloak)
rCorr   .          Rampage  .   (no gloves)
Will    .....                   (no boots)
Stlth   +++.......              (no amulet)
HPRegen 0.24/turn               (no ring)
MPRegen 0.08/turn               (no ring)

@: healing quickly
A: alive, fangs 3, see invisible, vampiric 1
a: Exsanguinate


You were on level 1 of the Dungeon.
You visited 1 branch of the dungeon, and saw 1 of its levels.

Inventory:

Hand Weapons
 a - a +1 dagger (weapon)
Armour
 b - a +0 robe (worn)
Potions
 c - a potion of invisibility


   Skills:
 - Level 0.3 Fighting
 - Level 1.1 Short Blades
 - Level 2.1 Dodging
 + Level 4.4 Stealth
 + Level 2.0 Spellcasting
 + Level 4.9 Hexes


You had 4 spell levels left.
You didn't know any spells.
Your spell library contained the following spells:

 Spells                   Type           Power      Damage    Failure   Level
 Confusing Touch          Hex            18%        N/A       8%          3
 Tukima's Dance           Hex            18%        N/A       8%          3
 Ensorcelled Hibernation  Hex/Ice        20%        N/A       11%         2
 Freeze                   Ice            4%         1d3       19%         1
 Dazzling Flash           Conj/Hex       20%        N/A       22%         3
 Frozen Ramparts          Ice            2%         1d2       50%         3
 Hailstorm                Conj/Ice       1%         3d3       88%         4


Dungeon Overview and Level Annotations

Branches:
Dungeon (1/15)

Altars:


Innate Abilities, Weirdness & Mutations

Your natural rate of healing is accelerated.
You have razor-sharp teeth.
You have supernaturally acute eyesight. (SInv)
You are afflicted with vampirism.


Message History

The ball python is severely wounded.
The ball python bites you. The ball python constricts you.
You hit the ball python.
You kill the ball python!
No target in view!
No target in view!
You start resting.
HP restored.
You start waiting.
Done waiting.
You start waiting.
Done waiting.
Okay, then.
Unknown command.
Unknown command.
You see here a ball python skeleton.
A quokka comes into view.
A goblin comes into view. It is wielding a +0 dagger.
The quokka barely misses you.
You closely miss the quokka. The quokka bites you.
You closely miss the quokka. The quokka completely misses you.
You hit the quokka.
The quokka is lightly wounded.
The quokka bites you. The quokka misses you. The quokka completely misses you.
The quokka twitches its whiskers.
The quokka misses you. The quokka misses you.
You hit the quokka but do no damage. Your punch misses the quokka.
The quokka closely misses you.
You barely miss the quokka. The quokka bites you. The quokka bites you.
* * * LOW HITPOINT WARNING * * *
The quokka bites you.
* * * LOW HITPOINT WARNING * * *
The quokka barely misses you.
You see here 22 bolts.
The quokka bites you.
You die...

............# #.#..........#
............# #.#..........#
............###.#####......#
............##.........###.####
.............#................###
.............#................#..
.............#................#.#
.............(..#######.......#.#
......รท......#.r@........###....#
............##.............##.###
............##...........#.##..#
##########################)###.##
######+###).# #............
#............ ####..........#.
#.............+.


You could see a quokka.

Vanquished Creatures
  2 goblins (D:1)
  3 ball pythons (D:1)
  A bat (D:1)
  A rat (D:1)
7 creatures vanquished.

Notes
Turn   | Place    | Note
-------+----------+-------------------------------------------
     0 | D:1      | EWolf27 the Vampire Enchanter began the quest for the Orb.
     0 | D:1      | Reached XP level 1. HP: 13/13 MP: 3/3
   566 | D:1      | Slain by a quokka

Illustrated notes

Levels and vault maps discovered:
D:1:      sevenhm_arrival_forest_fort_large_4, layout_basic,
          chequers_serial_rivers_marsh

Action                   || total
-------------------------++-------
Melee: Dagger            ||    24
       Bite              ||     2
 Stab: Sleeping          ||     1
Armor: Robe              ||     2
Dodge: Dodged            ||    25
